 Dungeon Crawl Stone Soup version 0.27.1-1-g398f81649c (webtiles) character file.

Game seed: 11688940322379373570

0 PewDiePie the Caller (level 1, -3/13 HPs)
             Began as a Barachi Summoner on Sept 17, 2021.
             Slain by a quokka (4 damage)
             ... on level 1 of the Dungeon.
             The game lasted 00:00:16 (62 turns).

PewDiePie the Caller (Barachi Summoner)               Turns: 62, Time: 00:00:17

Health: -3/13      AC:  2    Str:  9    XL:     1   Next: 10%
Magic:  0/3        EV: 12    Int: 15    God:
Gold:   18         SH:  0    Dex: 12    Spells: 3/4 levels left

rFire    . . .     SeeInvis .   (no weapon)
rCold    . . .     Faith    .   (no shield)
rNeg     . . .     Spirit   .   a - +0 robe
rPois    .         Reflect  .   (no helmet)
rElec    .         Harm     .   (no cloak)
rCorr    .         Rampage  .   (no gloves)
Will     .....                  (no boots)
Stlth    ++........             (no amulet)
HPRegen  0.04/turn              (no ring)
MPRegen  0.08/turn              (no ring)

@: slow
A: amphibious, slowness 1, strong legs 1, +LOS
a: Hop


You were on level 1 of the Dungeon.
You visited 1 branch of the dungeon, and saw 1 of its levels.

You collected 18 gold pieces.

Inventory:

Armour
 a - a +0 robe (worn)


   Skills:
 + Level 2.2 Dodging
 + Level 1.7 Stealth
 + Level 2.2 Spellcasting
 + Level 4.8 Summonings


You had 3 spell levels left.
You knew the following spells:

 Your Spells              Type           Power      Damage    Failure   Level
a - Summon Small Mammal   Summ           64%        N/A       3%          1

Your spell library contained the following spells:

 Spells                   Type           Power      Damage    Failure   Level
 Call Imp                 Summ           16%        N/A       4%          2
 Call Canine Familiar     Summ           16%        N/A       9%          3
 Summon Guardian Golem    Hex/Summ       8%         N/A       24%         3
 Summon Lightning Spire   Summ/Air       8%         N/A       63%         4


Dungeon Overview and Level Annotations

Branches:
Dungeon (1/15)

Altars:


Innate Abilities, Weirdness & Mutations

You are amphibious.
You cover ground slowly.
You can hop short distances.
You have an extended range of vision and can be seen from far away.


Message History

You barely miss the quokka. The quokka barely misses you.
You completely miss the quokka. The quokka bites you. x2
Casting: Summon Small Mammal (safe; 3% risk of failure)
Confirm with . or Enter, or press ? or * to list all spells.
The quokka bites you.
Casting: Summon Small Mammal (safe; 3% risk of failure)
Confirm with . or Enter, or press ? or * to list all spells.
The quokka closely misses you.
Casting: Summon Small Mammal (safe; 3% risk of failure)
Confirm with . or Enter, or press ? or * to list all spells.
Your bat closely misses the quokka.
The quokka closely misses you.
Your rat closely misses the quokka.
Your bat barely misses the quokka.
Casting: Summon Small Mammal (safe; 3% risk of failure)
Confirm with . or Enter, or press ? or * to list all spells.
You don't have enough magic to cast this spell.
Your bat hits the quokka but does no damage.
Your bat hits the quokka.
Your bat closely misses the quokka.
The quokka barely misses your bat.
Your bat closely misses the quokka.
Your rat misses the quokka.
You swap places.
Your bat closely misses the quokka.
Your bat barely misses the quokka.
The quokka misses you.
Your rat closely misses the quokka.
Your bat hits the quokka.
You swap places.
Your bat hits the quokka but does no damage.
The quokka twitches its whiskers.
Your rat misses the quokka. The quokka closely misses you.
Your bat hits the quokka. Your bat misses the quokka.
Your bat hits the quokka but does no damage.
Your rat misses the quokka.
Your bat closely misses the quokka.
Your bat hits the quokka but does no damage. x2
Your bat hits the quokka.
Your bat completely misses the quokka.
The quokka bites you.
* * * LOW HITPOINT WARNING * * *
Your bat misses the quokka. x2
Your bat closely misses the quokka. x2; The quokka barely misses you.
Your bat closely misses the quokka.
Your rat bites the quokka but does no damage.
The quokka bites you.
You die...

#############
######...........# ## #####
#................####. ......
#..................##.
..)....##....@......)......##.
.......''...r.................
.......##br.....#######.......
...... +.rb....+.............
..... #.......###########...
...........#+#### ##.###.
........###. #...### ........
.. +.<..'. . ..... ... #...###


You could see 2 quokkas, 2 friendly bats and a friendly rat (summoned).

Vanquished Creatures (collateral kills)
  A rat (D:1)
1 creature vanquished.

Notes
Turn   | Place    | Note
-------+----------+-------------------------------------------
     0 | D:1      | PewDiePie the Barachi Summoner began the quest for the Orb.
     0 | D:1      | Reached XP level 1. HP: 13/13 MP: 3/3
    62 | D:1      | Slain by a quokka

Illustrated notes

Levels and vault maps discovered:
D:1:      dpeg_arrival_rhombi, layout_basic, chequers_mini_garden

Action                   || total
-------------------------++-------
Melee: Unarmed           ||     2
 Cast: Summon Small Mamm ||     6
Dodge: Dodged            ||     7
